 Dungeon Crawl Stone Soup version 0.29-a0-451-gfbfa42419e (webtiles) character file.

Game seed: 1192880791040326760

1619 xian the Conjurer (level 8, -1/63 HPs)
             Began as a Black Draconian Conjurer on May 20, 2022.
             Was a Follower of Sif Muna.
             Killed by divine providence
             ... invoked by an orc priest
              (11 damage)
             ... on level 7 of the Dungeon.
             The game lasted 00:30:40 (7844 turns).

xian the Conjurer (Black Draconian Conjurer)        Turns: 7844, Time: 00:30:41

Health: -1/63      AC:  8    Str:  9    XL:     8   Next: 64%
Magic:  5/15       EV: 13    Int: 21    God:    Sif Muna [*.....]
Gold:   303        SH:  0    Dex: 10    Spells: 2/17 levels left

rFire   + . .      SeeInvis .   w - +4 quarterstaff
rCold   . . .      Faith    .   (shield currently unavailable)
rNeg    . . .      Spirit   .   (body armour unavailable)
rPois   .          Reflect  .   y - +2 hat
rElec   +          Harm     .   (no cloak)
rCorr   .          Rampage  .   (no gloves)
Will    .....                   (no boots)
Stlth   ++........              o - amulet of regeneration
HPRegen 1.00/turn               q - ring of protection from fire
MPRegen 0.14/turn               x - ring of wizardry

@: short of breath
A: breathe lightning, AC +6, unfitting armour, electricity resistance,
cold-blooded
a: Breathe Lightning, Renounce Religion, Channel Magic


You were on level 7 of the Dungeon.
You worshipped Sif Muna.
Sif Muna was aware of your devotion.
You visited 2 branches of the dungeon, and saw 8 of its levels.

You collected 303 gold pieces.

Inventory:

Hand Weapons
 w - a +4 quarterstaff (weapon)
Missiles
 c - 11 curare-tipped darts
Armour
 y - a +2 hat (worn)
Jewellery
 o - an amulet of regeneration (around neck)
 q - a ring of protection from fire (left hand)
 r - a ring of protection from cold
 x - a ring of wizardry (right hand)
 z - an amulet of the acrobat
Scrolls
 b - 3 scrolls of immolation
 h - 2 scrolls of enchant armour
 k - a scroll of noise {unknown}
 l - a scroll of teleportation
 m - 2 scrolls of amnesia
 n - a scroll of fog {unknown}
 p - 4 scrolls of blinking
 t - a scroll of poison {unknown}
 v - a scroll of vulnerability {unknown}
Potions
 a - 2 potions of magic
 d - a potion of resistance {unknown}
 e - a potion of attraction {unknown}
 f - 3 potions of might
 g - 2 potions of lignification {unknown}
 i - 3 potions of degeneration
 j - 2 potions of curing
 s - a potion of haste {unknown}
 u - a potion of ambrosia {unknown}
 A - a potion of heal wounds


   Skills:
 + Level 3.3 Fighting
 + Level 4.4 Maces & Flails
 + Level 0.1(2.6) Staves
 + Level 4.1 Dodging
 + Level 3.5 Stealth
 + Level 5.2 Spellcasting
 + Level 6.8 Conjurations


You had 2 spell levels left.
You knew the following spells:

 Your Spells              Type           Power      Damage    Failure   Level
a - Magic Dart            Conj           100%       1d8       1%          1
b - Searing Ray           Conj           68%        2d6       1%          2
c - Iskenderun's Mystic   Conj/Tloc      19%        2d6       11%         4
d - Lightning Bolt        Conj/Air       9%         1d22      28%         5
e - Tukima's Dance        Hex            5%         N/A       13%         3

Your spell library contained the following spells:

 Spells                   Type           Power      Damage    Failure   Level
 Static Discharge         Conj/Air       19%        N/A       1%          2
 Apportation              Tloc           10%        N/A       4%          1
 Necrotize                Necr           20%        1d5       4%          1
 Summon Small Mammal      Summ           20%        N/A       4%          1
 Ensorcelled Hibernation  Hex/Ice        10%        N/A       6%          2
 Dazzling Flash           Conj/Hex       38%        N/A       3%          3
 Fulminant Prism          Conj/Hex       9%         3d7       11%         4
 Inner Flame              Hex/Fire       5%         N/A       13%         3
 Portal Projectile        Hex/Tloc       10%        N/A       13%         3
 Spider Form              Tmut/Pois      5%         N/A       13%         3
 Anguish                  Hex/Necr       2%         N/A       38%         4
 Cause Fear               Hex            2%         N/A       38%         4
 Blade Hands              Tmut           2%         N/A       71%         5
 Discord                  Hex            2%         N/A       100%        8
 Maxwell's Capacitive Co  Air            2%         ∞         100%        8


Dungeon Overview and Level Annotations

Branches:
Dungeon (7/15)             Temple (1/1) D:5

Altars:
Ashenzari
Dithmenos
Fedhas
Hepliaklqana
Kikubaaqudgha
Makhleb
Nemelex Xobeh
Okawaru
Qazlal
Sif Muna
Uskayaw
Vehumet
Wu Jian
Yredelemnul
Zin
The Shining One

Shops:
D:4 *

Annotations:
D:7 Joseph


Innate Abilities, Weirdness & Mutations

You can breathe wild blasts of lightning.
Your glossy black scales are hard. (AC +6)
You cannot fit into any form of body armour.
You are resistant to electric shocks. (rElec)
You are cold-blooded and may be slowed by cold attacks.


Message History

The searing ray hits the hound.
The hound is almost dead.
The searing ray hits the orc priest.
The orc priest is moderately wounded.
The searing ray hits the orc warrior!
The orc warrior is heavily wounded. (Press . to maintain the ray.)
The hound barely misses you.
A hornet comes into view.
The hound misses you.
You hear some strange, mumbled words.
Something tries to affect you, but you resist.
Joseph, a Mercenary comes into view.
He is wielding a +0 quarterstaff and wearing a +2 leather armour of cold resistance.
The searing ray hits the hound!
You kill the hound!
Sif Muna accepts your kill.
The searing ray hits the orc warrior.
The orc warrior is heavily wounded.
The searing ray hits the orc priest!
The orc priest is almost dead.
Something hits you but does no damage.
Joseph unwields a +0 quarterstaff.
Joseph wields a +0 hunting sling.
Joseph shoots a sling bullet.
The sling bullet closely misses you.
The searing ray hits the orc warrior but does no damage.
The orc warrior is heavily wounded.
The hornet buzzes angrily.
Something hits you.
The orc priest casts a cantrip, but nothing happens.
Joseph shoots a sling bullet.
The sling bullet hits you!
The orc warrior attacks as you move away!
The orc warrior hits you but does no damage.
The orc priest invokes the aid of Beogh against you.
Beogh smites you!
The orc priest calls down the wrath of Beogh upon you.
Beogh smites you!
* * * LOW HITPOINT WARNING * * *
Something hits you but does no damage.
The orc priest mumbles some strange prayers to Beogh against you.
Beogh smites you!
You die...

.. .# .# .# ###### ##.#
# #########...o###..#.#
.......@..o...).....####
########.#y..#.$.#......
#...#...#.)).###
##.###.###.#.....
###...#...# ..#####
#...#...#...#...
#.....#...#......
#@...###.###.......
######.....#...# .......


You could see a hornet, an orc warrior and an orc priest.

Vanquished Creatures
  Sigmund (D:4)
  2 water moccasins
  A black bear (D:6)
  2 ice beasts
  2 kobold brigands
  A necrophage (D:5)
  A scorpion (D:4)
  2 howler monkeys
  4 hounds
  A jelly (D:3)
  A gnoll shaman (D:4)
  4 iguanas
  3 orc wizards
  6 gnolls
  6 adders
  3 shadow imps
  2 white imps
  2 ufetubi
  2 worms
  3 dart slugs
  23 orcs
  7 endoplasms
  3 giant cockroaches
  6 goblins
  A hobgoblin (D:1)
  10 jackals
  18 kobolds
  2 quokkas
  6 ball pythons
  3 bats
  2 frilled lizards
  4 rats
134 creatures vanquished.

Vanquished Creatures (others)
  2 plants (D:2)
2 creatures vanquished.

Grand Total: 136 creatures vanquished

Notes
Turn   | Place    | Note
-------+----------+-------------------------------------------
     0 | D:1      | xian the Draconian Conjurer began the quest for the Orb.
     0 | D:1      | Reached XP level 1. HP: 14/14 MP: 3/3
   229 | D:1      | Reached XP level 2. HP: 20/20 MP: 1/5
   267 | D:1      | HP: 1/20 [jackal (2)]
   801 | D:1      | Found a faded altar of an unknown god.
  1165 | D:2      | Reached XP level 3. HP: 14/26 MP: 0/6
  1933 | D:2      | Reached skill level 1 in Fighting
  2203 | D:2      | Learned a level 2 spell: Searing Ray
  2464 | D:3      | Reached XP level 4. HP: 35/35 MP: 2/7
  2823 | D:3      | Noticed a water moccasin
  3090 | D:3      | Reached skill level 1 in Maces & Flails
  3174 | D:3      | Killed a water moccasin
  3175 | D:3      | Reached skill level 5 in Conjurations
  3175 | D:3      | Reached XP level 5. HP: 41/41 MP: 2/9
  3364 | D:4      | Found Miphaczo's Fire Supplies.
  3423 | D:4      | Reached XP level 6. HP: 40/48 MP: 1/10
  4735 | D:4      | Noticed Sigmund
  4742 | D:4      | Killed Sigmund
  4743 | D:4      | Your scales start taking on a glossy black colour.
  4743 | D:4      | Reached XP level 7. HP: 45/55 MP: 2/12
  4743 | D:4      | Gained mutation: You are resistant to electric shocks.
                  | (rElec) [Black Draconian growth]
  4967 | D:5      | Entered Level 5 of the Dungeon
  5440 | D:5      | Found a staircase to the Ecumenical Temple.
  5620 | Temple   | Entered the Ecumenical Temple
  5725 | Temple   | Became a worshipper of Sif Muna the Loreminder
  5891 | D:5      | Reached skill level 6 in Conjurations
  5934 | D:5      | Reached XP level 8. HP: 21/62 MP: 5/14
  6977 | D:6      | Reached * piety under Sif Muna
  7044 | D:6      | Learned a level 4 spell: Iskenderun's Mystic Blast
  7050 | D:6      | Learned a level 5 spell: Lightning Bolt
  7203 | D:6      | Reached skill level 5 in Spellcasting
  7442 | D:6      | Learned a level 3 spell: Tukima's Dance
  7839 | D:7      | Noticed a hornet
  7839 | D:7      | Noticed Joseph
  7844 | D:7      | Killed from afar by an orc priest

Illustrated notes

Levels and vault maps discovered:
D:1:      heliophobic_arrival_ceremonial_halls, layout_rooms,
          hellmonk_ecumenical_altar_leap_of_faith, ebering_dispersal_statue_hall
D:2:      minmay_wonky_spiral, layout_basic, kennysheep_boxes
D:3:      layout_rooms, chequers_serial_rivers_large_a, minmay_misc_feat_columns
D:4:      layout_basic, nicolae_shop_fire_sale [nicolae_sub_dead_trees],
          uniq_sigmund
D:5:      layout_cave_pools, minmay_temple_entry_trees
D:6:      layout_loops_ring
D:7:      layout_basic, minmay_misc_feat_four_crosses, uniq_joseph,
          uniq_menkaure, uniq_prince_ribbit1
Temple:   regret_index_temple_chain_breaker

Skill      XL: |  1  2  3  4  5  6  7  8 |
---------------+-------------------------+-----
Dodging        | 2 3 4 |  4.1
Fighting       | 1 2 3 |  3.3
Stealth        | 2 3 |  3.5
Maces & Flails | 1 2 3 4 |  4.4
Conjurations   | 5 6 |  6.8
Spellcasting   | 3 4 5 |  5.2
Staves         | |  0.1

Action                   |  1- 3 |  4- 6 |  7- 9 || total
-------------------------+-------+-------+-------++-------
Melee: Mace              |    57 |    21 |    14 ||    92
       Tailslap          |     5 |     1 |     2 ||     8
       Quarterstaff      |       |       |     7 ||     7
       Morningstar       |       |       |     4 ||     4
 Cast: Magic Dart        |    63 |    70 |    80 ||   213
       Searing Ray       |       |     9 |    18 ||    27
 Abil: Breathe Lightning |       |       |    14 ||    14
  Use: Scroll            |       |       |    12 ||    12
       Potion            |       |       |     3 ||     3
Armor: Skin              |    53 |     8 |    30 ||    91
Dodge: Dodged            |   128 |    29 |    87 ||   244

Table legend: (Time is in decaauts)
 A = Elapsed time spent in this place.
 B = Non-inter-level travel time spent in this place.
 C = Inter-level travel time spent in this place.
 D = Time resting spent in this place.
 E = Time spent auto-exploring this place.
 F = Levels seen in this place.
 G = Mean time per level.
                   A        B        C        D        E       F      G
               +--------+--------+--------+--------+--------+-----+--------+
         Total |   7890 |   7703 |    187 |   1206 |   5080 |   8 |  986.2 |
       Dungeon |   7719 |   7532 |    187 |   1206 |   5032 |   7 | 1102.7 |
        Temple |    171 |    171 |      0 |      0 |     48 |   1 |  171.0 |
               +--------+--------+--------+--------+--------+-----+--------+

Top non-repeatable levels by time:
     D:4: 1645 daAuts
     D:5: 1485 daAuts
     D:2: 1313 daAuts
     D:6: 1161 daAuts
     D:1: 1135 daAuts
     D:3: 920 daAuts
  Temple: 171 daAuts
     D:7: 57 daAuts
